 Dungeon Crawl Stone Soup version 0.28.0-43-g3370ac3207 (webtiles) character file.

Game seed: 15325913352871137556

68 pkoi the Slasher (level 4, -3/37 HPs)
             Began as a Minotaur Gladiator on Mar 3, 2022.
             Killed from afar by an orc wizard (8 damage)
             ... with a puff of flame
             ... on level 3 of the Dungeon.
             The game lasted 00:01:46 (1974 turns).

pkoi the Slasher (Minotaur Gladiator)               Turns: 1974, Time: 00:01:46

Health: -3/37      AC:  6    Str: 26    XL:     4   Next: 1%
Magic:  3/3        EV: 12    Int:  5    God:
Gold:   82         SH:  0    Dex: 12    Spells: 3/3 levels left

rFire   . . .      SeeInvis .   a - +0 long sword
rCold   . . .      Faith    .   (no shield)
rNeg    . . .      Spirit   .   b - +0 leather armour
rPois   .          Reflect  .   c - +0 hat
rElec   .          Harm     .   q - +2 cloak
rCorr   .          Rampage  .   (no gloves)
Will    .....                   (no boots)
Stlth   +.........              (no amulet)
HPRegen 0.12/turn               i - +6 ring of strength
MPRegen 0.08/turn               (no ring)

@: no status effects
A: horns 2, retaliatory headbutt
a: no special abilities


You were on level 3 of the Dungeon.
You visited 1 branch of the dungeon, and saw 3 of its levels.

You collected 82 gold pieces.

Inventory:

Hand Weapons
 a - a +0 long sword (weapon)
Missiles
 d - 3 throwing nets (quivered)
 m - 3 javelins
Armour
 b - a +0 leather armour (worn)
 c - a +0 hat (worn)
 q - a +2 cloak (worn)
Jewellery
 i - a +6 ring of strength (left hand)
 j - a ring of ice
 r - a ring of protection from fire
Scrolls
 e - a scroll of fear {unknown}
 f - 3 scrolls of identify {unknown}
 g - a scroll of summoning {unknown}
 k - a scroll of amnesia {unknown}
 n - a scroll of immolation {unknown}
 o - a scroll of teleportation {unknown}
Potions
 h - a potion of might {unknown}
 l - a potion of berserk rage {unknown}
 p - a potion of degeneration {unknown}


   Skills:
 - Level 2.4 Fighting
 + Level 6.0 Long Blades
 - Level 2.0 Throwing
 - Level 3.2 Dodging


You had 3 spell levels left.
You didn't know any spells.
Your spell library contained the following spells:

 Spells                   Type           Power      Damage    Failure   Level
 Ignite Poison            Fire/Tmut/Pois 0%         N/A       88%         3
 Mephitic Cloud           Conj/Pois/Air  0%         N/A       88%         3
 Freezing Cloud           Conj/Ice/Air   0%         6-21      100%        5


Dungeon Overview and Level Annotations

Branches:
Dungeon (3/15)

Altars:


Innate Abilities, Weirdness & Mutations

You have a pair of horns on your head.
You reflexively headbutt those who attack you in melee.


Message History

A puff of flame appears from out of thin air!
The puff of flame hits you.
* * * LOW HITPOINT WARNING * * *
You miss something. Your headbutt misses something.
The orc hits you but does no damage. Something hits you but does no damage.
The orc closely misses you. Something hits you.
* * * LOW HITPOINT WARNING * * *
You closely miss the orc. You headbutt the orc. You punch the orc.
You kill the orc!
You hear some strange, mumbled words.
A magic dart appears from out of thin air!
The magic dart hits you but does no damage.
Your Long Blades skill increases to level 6!
You have reached level 4!
You feel agile.
You miss something.
You hear some strange, mumbled words.
A magic dart appears from out of thin air!
The magic dart hits you!
* * * LOW HITPOINT WARNING * * *
You barely miss something. Your headbutt misses something.
Something hits you but does no damage.
You hit something but do no damage. Your headbutt misses something.
Something hits you.
* * * LOW HITPOINT WARNING * * *
You miss something.
You hear some strange, mumbled words.
A puff of flame appears from out of thin air!
The puff of flame misses you.
You closely miss something. Something hits you but does no damage.
You closely miss something.
You hear some strange, mumbled words.
A puff of flame appears from out of thin air!
The puff of flame hits you!
* * * LOW HITPOINT WARNING * * *
You slash something!
You hear some strange, mumbled words.
A puff of flame appears from out of thin air!
The puff of flame hits you!
You die...

#...######## #...#
#...# ###...#######
####.........#.## ..
.....#..##.#....#...
#.#..#...........#
##...#.....#.{..##
#...^......#@#.##
#........#)# #
#.##...o...#
..#...).#### #.#.#.#
.........
#.##......## #
##....## ##..##


There were no monsters in sight!

Vanquished Creatures
  2 adders (D:2)
  A dart slug (D:1)
  3 orcs (D:3)
  3 ball pythons
  3 bats
  9 endoplasms
  A giant cockroach (D:2)
  2 goblins
  6 hobgoblins
  2 jackals (D:2)
  2 frilled lizards (D:2)
  4 kobolds
  A rat (D:1)
39 creatures vanquished.

Notes
Turn   | Place    | Note
-------+----------+-------------------------------------------
     0 | D:1      | pkoi the Minotaur Gladiator began the quest for the Orb.
     0 | D:1      | Reached XP level 1. HP: 18/18 MP: 0/0
   108 | D:1      | Reached skill level 4 in Long Blades
   193 | D:1      | Reached XP level 2. HP: 25/25 MP: 1/1
   276 | D:1      | Found a faded altar of an unknown god.
   994 | D:2      | Reached skill level 5 in Long Blades
  1054 | D:2      | Reached XP level 3. HP: 30/30 MP: 2/2
  1968 | D:3      | Reached skill level 6 in Long Blades
  1968 | D:3      | Reached XP level 4. HP: 23/37 MP: 3/3
  1974 | D:3      | Killed from afar by an orc wizard

Illustrated notes

Levels and vault maps discovered:
D:1:      amcnicky_arrival_gap_in_the_tavern_cellar, layout_basic,
          ebering_ecumenical_altar_mist, corexii_item_surrounded_by_moat
D:2:      layout_basic
D:3:      layout_loops_cross, minivault_19

Skill      XL: |  1  2  3 |
---------------+----------+-----
Long Blades    | 4 5 6 |  6.0
Fighting       | |  2.4
Throwing       | |  2.0
Dodging        | |  3.2

Action                   |  1- 3 |  4- 6 || total
-------------------------+-------+-------++-------
Melee: Long sword        |    70 |     7 ||    77
       Headbutt          |    12 |       ||    12
       Punch             |     1 |       ||     1
Armor: Leather armour    |    17 |     2 ||    19
Dodge: Dodged            |    54 |     1 ||    55
